AoeStats
← aqu

Lombardia

508955846Analyzed
4v4 RM · 9d ago on Sep 24, 2026· 62m 28s· 8 players
Game mode
Random Map
Map size
Large (8 player)
Population
200
Speed
Normal
Resources
Standard
Victory
Conquest
Starting age
Dark Age
Ending age
Imperial Age
RankedLock teamsTeams togetherTeam positionsShared explorationLock speedFull tech treeHidden civsTurbo modeCheats
Victory
Defeat
🇪🇸 Persians · Spain
992
+16
🇮🇳 Huns · India
970
+17
🇦🇷 Goths · Argentina
963
+17
🇸🇪 Vietnamese · Sweden
949
+18
🇩🇪 Huns · Germany
1009
-17
🇩🇪 Varangians · Germany
1003
-18
🇩🇪 Franks · Germany
1001
-17
🇩🇪 Romans · Germany
968
-16
WMWMWMW
5:03 Loom
10:27 Feudal Age
10:59 Double-Bit Axe
12:03 Horse Collar
14:22 Wheelbarrow
15:57 Fletching
22:04 Castle Age
21:26 Padded Archer Armor
21:29 Gold Mining
23:06 Hand Cart
23:12 Town Watch
24:00 Bow Saw
23:27 Crossbowman
24:13 Thumb Ring
28:06 Ballistics
29:35 Heavy Plow
31:24 Bodkin Arrow
31:45 Leather Archer Armor
36:41 Imperial Age
36:37 Pikeman
37:17 Squires
38:21 Bracer
38:52 Ring Archer Armor
39:26 Chemistry
39:40 Paper Money
39:44 Arbalester
40:12 Halberdier
44:31 Forging
44:22 Scale Mail Armor
59:04 Arrowslits
59:19 Murder Holes
59:36 Masonry
ImFriendly
6:55 Loom
11:11 Feudal Age
14:56 Castle Age
13:05 Horse Collar
13:18 Double-Bit Axe
24:35 Wheelbarrow
23:46 Town Watch
24:42 Bloodlines
25:47 Scale Barding Armor
27:54 Gold Mining
28:07 Heavy Plow
28:20 Bow Saw
28:31 Hand Cart
29:16 Husbandry
38:24 Husbandry
38:48 Chain Barding Armor
38:39 Forging
40:30 Gold Shaft Mining
39:46 Stone Mining
40:23 Light Cavalry
45:32 Imperial Age
43:51 Caravan
45:29 Stone Shaft Mining
45:22 Heavy Camel Rider
46:01 Hussar
46:55 Guilds
47:57 Kamandaran
48:18 Conscription
49:07 Plate Barding Armor
Boxster553
1:16 Loom
11:28 Feudal Age
16:30 Castle Age
16:04 Horse Collar
18:00 Heavy Plow
21:58 Stone Mining
23:06 Gold Mining
24:03 Wheelbarrow
24:45 Double-Bit Axe
25:56 Bow Saw
25:44 Town Watch
27:21 Fletching
28:10 Bodkin Arrow
29:43 Ballistics
32:49 Forging
32:49 Scale Barding Armor
33:37 Bloodlines
33:28 Husbandry
37:13 Iron Casting
37:53 Chain Barding Armor
38:19 Hand Cart
41:15 Town Patrol
46:05 Imperial Age
48:01 Blast Furnace
48:17 Conscription
48:02 Elite Tarkan
49:55 Plate Barding Armor
50:24 Atheism
51:08 Marauders
54:11 Cavalier
61:23 Light Cavalry
RODRIGOL
1:14 Loom
12:14 Feudal Age
12:35 Horse Collar
12:43 Double-Bit Axe
21:01 Castle Age
19:37 Stone Mining
19:39 Gold Mining
21:57 Bow Saw
21:49 Heavy Plow
23:41 Wheelbarrow
26:44 Hand Cart
31:08 Pikeman
31:49 Squires
35:15 Imperial Age
33:15 Forging
33:05 Scale Mail Armor
36:13 Iron Casting
35:53 Chain Mail Armor
35:41 Anarchy
37:23 Two-Man Saw
37:23 Crop Rotation
37:59 Perfusion
38:20 Conscription
39:05 Blast Furnace
39:56 Halberdier
40:41 Elite Huskarl
49:04 Town Watch
52:06 Chemistry
51:26 Ballistics
chris_summer
9:32 Loom
11:57 Feudal Age
16:22 Castle Age
15:02 Double-Bit Axe
15:01 Horse Collar
17:38 Fletching
18:30 Bow Saw
23:04 Heavy Plow
24:37 Marauders
24:54 Town Watch
25:48 Gold Mining
26:38 Bloodlines
27:09 Scale Barding Armor
28:08 Gold Shaft Mining
27:53 Husbandry
28:40 Forging
29:35 Wheelbarrow
29:39 Chain Barding Armor
32:15 Iron Casting
35:45 Imperial Age
34:58 Pikeman
35:38 Squires
35:51 Scale Mail Armor
35:47 Bodkin Arrow
37:38 Chemistry
36:51 Masonry
37:10 Elite Tarkan
38:41 Plate Barding Armor
38:41 Conscription
38:22 Stone Mining
38:51 Arson
40:22 Blast Furnace
39:20 Halberdier
40:37 Caravan
43:36 Chain Mail Armor
45:14 Padded Archer Armor
45:14 Bracer
46:26 Elite Skirmisher
46:54 Light Cavalry
48:38 Leather Archer Armor
49:02 Ballistics
48:54 Masonry
48:39 Murder Holes
50:08 Hussar
51:57 Man-at-Arms
53:45 Thumb Ring
54:50 Crossbowman
aqu
5:41 Loom
12:07 Feudal Age
20:43 Castle Age
19:25 Double-Bit Axe
21:12 Wheelbarrow
20:38 Gold Mining
21:56 Scale Mail Armor
25:20 Scale Barding Armor
27:29 Chain Barding Armor
27:51 Forging
34:25 Gold Shaft Mining
36:11 Iron Casting
35:51 Husbandry
36:44 Light Cavalry
38:39 Squires
41:28 Pikeman
59:27 Imperial Age
61:11 Plate Barding Armor
61:38 Blast Furnace
White Stag
7:54 Loom
10:22 Feudal Age
11:08 Horse Collar
11:40 Double-Bit Axe
13:37 Bloodlines
22:21 Castle Age
22:12 Wheelbarrow
22:09 Scale Barding Armor
23:11 Forging
23:29 Bow Saw
23:22 Heavy Plow
27:11 Chain Barding Armor
28:44 Hand Cart
29:44 Husbandry
37:50 Imperial Age
37:33 Iron Casting
38:21 Cavalier
39:40 Plate Barding Armor
40:05 Blast Furnace
41:06 Caravan
42:16 Scale Mail Armor
45:45 Vendel Legacy
46:47 Conscription
46:31 Elite Varangian Guard
48:35 Chain Mail Armor
50:22 Gothikon
51:41 Plate Mail Armor
51:18 Gambesons
51:33 Squires
51:19 Arson
DaiMuddr
2:13 Loom
11:01 Feudal Age
11:47 Man-at-Arms
13:05 Forging
13:34 Scale Mail Armor
14:55 Loom
20:56 Castle Age
18:51 Double-Bit Axe
18:51 Horse Collar
22:01 Bow Saw
25:16 Wheelbarrow
24:29 Town Watch
28:46 Bloodlines
28:39 Husbandry
31:47 Iron Casting
31:28 Chain Mail Armor
36:41 Ballistas
37:59 Hand Cart
37:45 Town Patrol
37:44 Gold Mining
37:41 Long Swordsman
39:01 Fletching
38:49 Pikeman
39:30 Squires
41:45 Scale Barding Armor
43:09 Bodkin Arrow
51:21 Imperial Age
51:15 Caravan
54:07 Elite Skirmisher
58:12 Blast Furnace
57:38 Crossbowman
Connection lost

Rejoining the realm…

Still unreachable

The connection could not be restored.

Session expired

The server has moved on; the page needs a fresh start.